 Dungeon Crawl Stone Soup version 0.31-a0-977-gc230f8ef24 (webtiles) character file.

Game seed: 10576429161702511420

2613 jlumianski the Grappler (level 9, -1/68 HPs)
             Began as a Gnoll Shapeshifter on Oct 27, 2023.
             Was an Initiate of Hepliaklqana.
             Slain by a slime creature (13 damage)
             ... on level 8 of the Dungeon on Oct 30, 2023.
             The game lasted 00:36:32 (6910 turns).

jlumianski the Grappler (Gnoll Shapeshifter)        Turns: 6910, Time: 00:36:33

Health: -1/68      AC:  9    Str: 15    XL:     9   Next: 60%
Magic:  14/15      EV: 14    Int: 11    God:    Hepliaklqana [......]
Gold:   237        SH:  0    Dex: 19    Spells: 13/17 levels left

rFire   . . .        i - +2 lajatang (speed)
rCold   . . .        (shield currently unavailable)
rNeg    . . .        M - +3 ring mail
rPois   .            (helmet currently unavailable)
rElec   .            D - melded +0 cloak
rCorr   +            (gloves currently unavailable)
SInv    .            B - melded +2 pair of boots
Will    .....        (no amulet)
Stlth   ++           j - +6 ring of dexterity
HPRegen 0.31/turn    x - ring of resist corrosion
MPRegen 0.14/turn

%: no passive effects
@: beast-form
A: beast (slay +4), fangs 1, strong nose, distributed training
a: Begin Untransformation, Renounce Religion


You were on level 8 of the Dungeon.
You worshipped Hepliaklqana.
Hepliaklqana was noncommittal.
You were a hulking beast.
You visited 2 branches of the dungeon, and saw 9 of its levels.
You also visited: Sewer.

You collected 384 gold pieces.
You spent 147 gold pieces at shops.

Inventory:

Hand Weapons
 i - a +2 lajatang of speed (weapon)
 k - a +2 heavy spear
 q - a +0 orcbow
 E - a +4 quarterstaff of chaos
 O - a +0 orcbow
Missiles
 p - 10 poisoned darts (quivered)
 I - 3 atropa-tipped darts
 L - 3 boomerangs
Armour
 a - a +0 animal skin
 m - a +0 ring mail of fire resistance
 o - a +0 ring mail of cold resistance
 v - a +2 robe of willpower
 w - a +0 chain mail
 B - a +2 pair of boots (melded)
 D - a +0 cloak (melded)
 M - a +3 ring mail (worn)
 N - a +0 kite shield
Jewellery
 j - a +6 ring of dexterity (left hand)
 x - a ring of resist corrosion (right hand)
 y - a ring of fire
 J - a ring of ice
 K - a ring of protection from cold
Talismans
 c - a beast talisman (active)
 d - a flux talisman
 f - a serpent talisman
Wands
 s - a wand of mindburst (4)
 u - a wand of flame (56)
 G - a wand of acid (5)
 R - a wand of iceblast (9)
Scrolls
 h - 4 scrolls of teleportation
 l - 2 scrolls of fog
 r - a scroll of blinking
 C - a scroll of vulnerability
 H - a scroll of immolation
 Q - a scroll of noise {unknown}
 S - a scroll of revelation
Potions
 b - a potion of lignification
 e - a potion of cancellation
 g - a potion of invisibility
 n - a potion of enlightenment {unknown}
 t - a potion of degeneration
 z - 2 potions of curing
 A - a potion of might
 F - a potion of mutation
 P - a potion of attraction {unknown}


   Skills:
 + Level 5.2 Fighting
 + Level 4.5 Short Blades
 + Level 4.5 Long Blades
 + Level 4.5 Axes
 + Level 4.5 Maces & Flails
 + Level 4.5 Polearms
 + Level 4.5 Staves
 + Level 4.5 Ranged Weapons
 + Level 4.5 Throwing
 + Level 4.5 Armour
 + Level 6.5 Dodging
 + Level 4.5 Stealth
 + Level 4.5 Shields
 + Level 8.0 Unarmed Combat
 + Level 4.5 Spellcasting
 + Level 3.7 Conjurations
 + Level 3.7 Hexes
 + Level 3.7 Summonings
 + Level 3.7 Necromancy
 + Level 3.7 Translocations
 + Level 3.7 Transmutations
 + Level 3.7 Fire Magic
 + Level 3.7 Ice Magic
 + Level 3.7 Air Magic
 + Level 3.7 Earth Magic
 + Level 3.7 Poison Magic
 + Level 4.9 Invocations
 + Level 4.5 Evocations
 + Level 7.8 Shapeshifting


You had 13 spell levels left.
You knew the following spells:

 Your Spells              Type           Power      Damage    Failure   Level
a - Momentum Strike       Conj/Tloc      20%        3d8       14%         2
b - Wereblood             Tmut           10%        N/A       14%         2

Your spell library contained the following spells:

 Spells                   Type           Power      Damage    Failure   Level
 Apportation              Tloc           20%        N/A       9%          1
 Necrotise                Necr           40%        1d6       9%          1
 Summon Small Mammal      Summ           40%        N/A       9%          1
 Blink                    Tloc           20%        N/A       14%         2
 Lesser Beckoning         Tloc           20%        N/A       14%         2
 Sublimation of Blood     Necr           10%        N/A       14%         2
 Call Canine Familiar     Summ           10%        N/A       26%         3
 Ignite Poison            Fire/Tmut/Pois 10%        N/A       26%         3
 Sigil of Binding         Hex            10%        N/A       26%         3
 Volatile Blastmotes      Fire/Tloc      20%        2d11      26%         3
 Dimensional Bullseye     Hex/Tloc       5%         N/A       65%         4
 Fulminant Prism          Conj/Hex       5%         3d6       65%         4
 Iskenderun's Mystic Bla  Conj/Tloc      10%        2d4       65%         4
 Leda's Liquefaction      Hex/Erth       5%         N/A       65%         4
 Sticky Flame             Conj/Fire      10%        2d3       65%         4
 Summon Hydra             Summ           5%         N/A       100%        7
 Ignition                 Fire           5%         3d4       100%        8


Dungeon Overview and Level Annotations

Branches:
Dungeon (8/15)             Temple (1/1) D:7           Sewer (visited)
   Lair: D:8-11

Altars:
Ashenzari
Cheibriados
Dithmenos
Elyvilon
Fedhas
Gozag
Hepliaklqana
Kikubaaqudgha
Makhleb
Nemelex Xobeh
Okawaru
Qazlal
Ru
Sif Muna
Trog
Uskayaw
Vehumet
Wu Jian
Yredelemnul
Zin
The Shining One

Shops:
D:5 [


Innate Abilities, Weirdness & Mutations

You are a hulking beast.
Your limbs bulge with bestial killing power. (Slay +4)
You have very sharp teeth.
Your uncanny sense of smell can sniff out nearby items.
Your experience applies equally to all skills.


Message History

Aiming: Momentum Strike (safe; 14% risk of failure)
Press: ? - help, Dir - move target, f - centaur
Aim: a centaur, wielding a +0 shortbow (81% to hit)
The concentrated momentum hits the centaur!
The centaur is severely wounded.
You are unable to move.
The centaur shoots an arrow.
The arrow hits you.
You cannot move.
The centaur shoots an arrow.
The arrow barely misses you.
The centaur shoots an arrow.
The arrow hits you.
The centaur shoots an arrow.
The arrow hits you!
The centaur shoots an arrow.
The arrow misses you.
The centaur shoots an arrow.
The arrow hits you!
You slash the slime creature!
The slime creature is lightly wounded.
The slime creature hits you!
You slash the slime creature!
The slime creature is moderately wounded.
You are no longer robbed of momentum.
The centaur unwields a +0 shortbow.
The centaur closely misses you. x2
You slash the slime creature!
You bite the slime creature, but do no damage.
The slime creature is severely wounded.
The slime creature completely misses you.
The centaur hits you but does no damage.
The centaur closely misses you.
You hit the slime creature.
The slime creature is severely wounded.
The centaur hits you. The centaur barely misses you.
The slime creature hits you.
You hit the slime creature.
The slime creature is severely wounded.
The centaur hits you but does no damage.
The centaur misses you. The slime creature hits you!
* * * LOW HITPOINT WARNING * * *
You barely miss the slime creature.
The slime creature is severely wounded.
The centaur hits you but does no damage.
The centaur kicks you but does no damage.
The slime creature hits you!
You die...

∆
#########
#<.......
#........
#..######
#h.#J....
#Jc#.....
#..#..$$?
#.....$)$
#..#..?$(
#..#.....
∆ #..#
.... #..#
#### #...


You could see a slime creature and a centaur.

Vanquished Creatures
  Grinder (D:4)
  A vampire mosquito (D:7)
  Duvessa (D:4)
  2 ice beasts
  2 orc warriors
  A black bear (D:4)
  An ogre (D:4)
  2 phantoms
  3 bullfrogs
  A gnoll sergeant (D:7)
  5 scorpions
  Dowan (D:4)
  3 hounds
  2 jellies
  3 orc priests
  A sleepcap (D:4)
  Crazy Yiuf (D:3)
  2 iguanas
  2 orc wizards (D:7)
  Natasha (thrice) (D:2)
  12 gnolls
  18 adders
  3 white imps
  2 dart slugs
  16 orcs
  12 ball pythons
  9 bats
  6 endoplasms
  11 giant cockroaches
  6 goblins
  5 hobgoblins
  11 kobolds
  8 quokkas
  14 frilled lizards
  5 rats
176 creatures vanquished.

Notes
Turn   | Place    | Note
-------+----------+-------------------------------------------
     0 | D:1      | jlumianski the Gnoll Shapeshifter began the quest for the
                  | Orb.
     0 | D:1      | Reached XP level 1. HP: 17/17 MP: 1/1
    69 | D:1      | Reached XP level 2. HP: 15/23 MP: 2/2
   224 | D:2      | Reached XP level 3. HP: 19/28 MP: 3/3
   425 | D:1      | Reached skill level 1 in Invocations
   657 | D:3      | Noticed Natasha
   661 | D:2      | Killed Natasha
   662 | D:2      | Reached skill level 1 in Short Blades
   662 | D:2      | Reached skill level 1 in Long Blades
   662 | D:2      | Reached skill level 1 in Axes
   662 | D:2      | Reached skill level 1 in Maces & Flails
   662 | D:2      | Reached skill level 1 in Polearms
   662 | D:2      | Reached skill level 1 in Staves
   662 | D:2      | Reached skill level 1 in Ranged Weapons
   662 | D:2      | Reached skill level 1 in Throwing
   662 | D:2      | Reached skill level 1 in Armour
   662 | D:2      | Reached skill level 1 in Stealth
   662 | D:2      | Reached skill level 1 in Shields
   662 | D:2      | Reached skill level 1 in Spellcasting
   662 | D:2      | Reached skill level 1 in Evocations
   662 | D:2      | Reached XP level 4. HP: 25/34 MP: 5/5
   669 | D:3      | Found a glowing drain.
   735 | D:3      | Reached skill level 1 in Conjurations
   735 | D:3      | Reached skill level 1 in Hexes
   735 | D:3      | Reached skill level 1 in Summonings
   735 | D:3      | Reached skill level 1 in Necromancy
   735 | D:3      | Reached skill level 1 in Translocations
   735 | D:3      | Reached skill level 1 in Transmutations
   735 | D:3      | Reached skill level 1 in Fire Magic
   735 | D:3      | Reached skill level 1 in Ice Magic
   735 | D:3      | Reached skill level 1 in Air Magic
   735 | D:3      | Reached skill level 1 in Earth Magic
   735 | D:3      | Reached skill level 1 in Poison Magic
   746 | Sewer    | Entered a sewer
   897 | Sewer    | Reached XP level 5. HP: 40/40 MP: 5/7
   965 | Sewer    | Reached XP level 6. HP: 32/47 MP: 8/8
  1233 | D:4      | Noticed Dowan
  1261 | D:4      | Killed Dowan
  1262 | D:4      | Reached skill level 5 in Dodging
  1404 | D:2      | Noticed Natasha
  1409 | D:2      | Killed Natasha
  1564 | D:2      | Noticed Natasha
  1570 | D:2      | Killed Natasha
  1760 | D:2      | Found a glowing golden altar of the Shining One.
  2271 | D:3      | Reached XP level 7. HP: 52/52 MP: 10/10
  2321 | D:4      | Found a shadowy altar of Dithmenos.
  2323 | D:4      | Found a bloodstained altar of Trog.
  2325 | D:4      | Found a sparkling altar of Nemelex Xobeh.
  2325 | D:4      | Found a shimmering blue altar of Sif Muna.
  2327 | D:4      | Found an opulent altar of Gozag.
  2768 | D:3      | Found a runed translucent door.
  2769 | D:3      | Noticed Crazy Yiuf
  2879 | D:3      | Killed Crazy Yiuf
  2880 | D:3      | Reached skill level 7 in Unarmed Combat
  2968 | D:4      | Noticed Duvessa
  2983 | D:4      | Killed Duvessa
  3190 | D:4      | Noticed Grinder
  3201 | D:4      | Killed Grinder
  3223 | D:4      | Identified a scroll of acquirement
  3320 | D:4      | Acquired a +2 lajatang of speed
  3537 | D:5      | Entered Level 5 of the Dungeon
  3576 | D:4      | Reached XP level 8. HP: 52/60 MP: 12/12
  3908 | D:4      | Found a snail-covered altar of Cheibriados.
  4442 | D:7      | Found an ancient bone altar of Kikubaaqudgha.
  4955 | D:5      | Found Luenezawk's Antique Armour Emporium.
  4959 | D:5      | Bought a shiny ring mail for 147 gold pieces
  5385 | D:6      | Reached XP level 9. HP: 48/66 MP: 14/14
  5412 | D:6      | Learned a level 2 spell: Momentum Strike
  5415 | D:6      | Learned a level 2 spell: Wereblood
  5959 | D:6      | Reached skill level 5 in Fighting
  6588 | D:7      | Found a staircase to the Ecumenical Temple.
  6592 | Temple   | Entered the Ecumenical Temple
  6647 | Temple   | Became a worshipper of Hepliaklqana the Forgotten
  6648 | Temple   | Upgraded the game from 0.31-a0-965-g8a8ce12e04 to
                  | 0.31-a0-977-gc230f8ef24
  6706 | D:7      | Reached skill level 8 in Unarmed Combat
  6910 | D:8      | Slain by a slime creature

Illustrated notes

Levels and vault maps discovered:
D:1:      lightli_arrival_windingriver, layout_rooms, minmay_tetromino_s2
D:2:      layout_loops_cross, serial_bayou, serial_bayou_pond_e,
          serial_bayou_ford_a, serial_bayou_shore_a, serial_bayou_lake_a,
          basic_altar
D:3:      layout_loops_ring, gup_sewer_entry_glass, uniq_crazy_yiuf_cottage,
          uniq_natasha
D:4:      layout_basic, lemuel_crystal_altar, minitemple, minmay_quantized,
          uniq_duvessa, uniq_grinder
D:5:      layout_basic, serial_shops, shop
D:6:      layout_rooms, nicolae_benzene_ring, grunt_ministairs_13
D:7:      layout_cave_pools, mainiacjoe_overflow_concentric_impassable,
          minmay_temple_entry_steel_oval
D:8:      cheibrodos_elevator_heist, layout_rooms
Temple:   nicolae_temple_superstar

Skill      XL: |  1  2  3  4  5  6  7  8  9 |
---------------+----------------------------+-----
Invocations    | 1 2 3 4 |  4.9
Short Blades   | 1 2 3 4 |  4.5
Long Blades    | 1 2 3 4 |  4.5
Axes           | 1 2 3 4 |  4.5
Maces & Flails | 1 2 3 4 |  4.5
Polearms       | 1 2 3 4 |  4.5
Staves         | 1 2 3 4 |  4.5
Ranged Weapons | 1 2 3 4 |  4.5
Throwing       | 1 2 3 4 |  4.5
Armour         | 1 2 3 4 |  4.5
Stealth        | 1 2 3 4 |  4.5
Shields        | 1 2 3 4 |  4.5
Spellcasting   | 1 2 3 4 |  4.5
Evocations     | 1 2 3 4 |  4.5
Conjurations   | 1 2 3 |  3.7
Hexes          | 1 2 3 |  3.7
Summonings     | 1 2 3 |  3.7
Necromancy     | 1 2 3 |  3.7
Translocations | 1 2 3 |  3.7
Transmutations | 1 2 3 |  3.7
Fire Magic     | 1 2 3 |  3.7
Ice Magic      | 1 2 3 |  3.7
Air Magic      | 1 2 3 |  3.7
Earth Magic    | 1 2 3 |  3.7
Poison Magic   | 1 2 3 |  3.7
Fighting       | 3 4 5 |  5.2
Dodging        | 5 6 |  6.5
Unarmed Combat | 7 8 |  8.0
Shapeshifting  | 7 |  7.8

Action                     |  1- 3 |  4- 6 |  7- 9 || total
---------------------------+-------+-------+-------++-------
  Melee: Unarmed           |    52 |   123 |    59 ||   234
         Bite              |     6 |     7 |    29 ||    42
         Punch             |     2 |     2 |     2 ||     6
         Constrict         |       |     4 |       ||     4
         Lajatang          |       |       |   225 ||   225
  Throw: Dart              |       |       |     4 ||     4
   Cast: Momentum Strike   |       |       |     4 ||     4
         Wereblood         |       |       |     2 ||     2
    Use: Scroll            |       |       |    14 ||    14
         Potion            |       |       |     3 ||     3
   Stab: Sleeping          |     4 |     6 |     1 ||    11
 Armour: Animal skin       |    16 |       |       ||    16
         Ring mail         |     2 |    49 |    47 ||    98
         Skin              |       |    13 |       ||    13
         Robe              |       |    11 |    22 ||    33
         Chain mail        |       |       |    92 ||    92
  Dodge: Dodged            |    20 |    77 |   156 ||   253
   Form: Anaconda          |       |     1 |       ||     1
         Beast             |       |     1 |     1 ||     2
         Flux              |       |       |     1 ||     1

Table legend: (Time is in decaauts)
 A = Elapsed time spent in this place.
 B = Non-inter-level travel time spent in this place.
 C = Inter-level travel time spent in this place.
 D = Time resting spent in this place.
 E = Time spent auto-exploring this place.
 F = Levels seen in this place.
 G = Mean time per level.
                   A        B        C        D        E       F      G
               +--------+--------+--------+--------+--------+-----+--------+
         Total |   6954 |   6746 |    208 |    675 |   3356 |  10 |  695.4 |
       Dungeon |   6440 |   6232 |    208 |    634 |   3245 |   8 |  805.0 |
        Temple |    100 |    100 |      0 |      0 |      0 |   1 |  100.0 |
         Sewer |    413 |    413 |      0 |     41 |    111 |   1 |  413.0 |
               +--------+--------+--------+--------+--------+-----+--------+

Top non-repeatable levels by time:
     D:4: 1354 daAuts
     D:5: 1059 daAuts
     D:2: 994 daAuts
     D:3: 963 daAuts
     D:6: 811 daAuts
     D:7: 659 daAuts
     D:1: 559 daAuts
   Sewer: 413 daAuts
  Temple: 100 daAuts
     D:8: 38 daAuts
